 Dungeon Crawl Stone Soup version 0.20.1-1-g8b1a95d (webtiles) character file.

75 Timinator the Ruffian (level 4, -7/45 HPs)
             Began as a Troll Monk on Nov 4, 2017.
             Killed from afar by an orc wizard (9 damage)
             ... with a magic dart
             ... on level 3 of the Dungeon.
             The game lasted 00:02:07 (1070 turns).

Timinator the Ruffian (Troll Monk)                  Turns: 1070, Time: 00:02:07

Health: -7/45      AC:  5    Str: 19    XL:     4   Next: 11%
Magic:  3/3        EV: 10    Int:  7    God:
Gold:   134        SH:  0    Dex: 12    Spells: 3/3 levels left

rFire    . . .     SeeInvis .     - Unarmed
rCold    . . .     Gourm    +   (no shield)
rNeg     . . .     Faith    .   a - +0 robe
rPois    .         Spirit   .   (helmet restricted)
rElec    .         Reflect  .   (no cloak)
rCorr    .         Harm     .   (gloves unavailable)
MR       .....                  (boots unavailable)
Stlth    ++........             (no amulet)
Regen    0.6/turn               (no ring)
MPRegen  0.1/turn               (no ring)

@: no status effects
A: unfitting armour, claws 3, fast metabolism 3, gourmand, regeneration 1,
shaggy fur 1, tough skin 2
a: no special abilities


You were on level 3 of the Dungeon.
You were near starving.

You visited 1 branch of the dungeon, and saw 3 of its levels.

You collected 134 gold pieces.

Inventory:

Armour
 a - a +0 robe (worn)
Scrolls
 d - 2 scrolls of remove curse {unknown}
 e - a scroll of immolation {unknown}
 f - a scroll of fear {unknown}
 j - a scroll of teleportation {unknown}
 l - a scroll of fog {unknown}
 m - a scroll of identify {unknown}
 n - 2 scrolls of magic mapping {unknown}
Potions
 g - a potion of berserk rage {unknown}
 h - 2 potions of lignification {unknown}
 i - a potion of mutation {unknown}
 k - a potion of haste {unknown}
 o - a potion of resistance {unknown}
 q - a potion of flight {unknown}
Comestibles
 b - 5 bread rations
 c - a meat ration
 p - 2 royal jellies


   Skills:
 + Level 3.0 Fighting
 + Level 1.0 Armour
 + Level 2.8 Dodging
 - Level 1.0 Stealth
 * Level 3.8 Unarmed Combat


You had 3 spell levels left.
You didn't know any spells.

Dungeon Overview and Level Annotations

Branches:
Dungeon (3/15)

Altars:


Innate Abilities, Weirdness & Mutations

You are too large for most types of armour.
You have claws for hands.
Your metabolism is lightning-fast.
You like to eat raw meat.
Your natural rate of healing is unusually fast.
You are covered in fur. (AC +1)
You have very tough skin. (AC +2)


Message History

You claw the kobold!
You kill the kobold!
The orc wizard casts a spell at you. The magic dart hits you!
You scratch the orc but do no damage. You completely miss the orc wizard.
The orc wizard hits you with a dagger.
You claw the orc wizard!
The orc wizard is severely wounded.
The orc wizard casts a spell at you. The puff of frost hits you!
* * * LOW HITPOINT WARNING * * *
You barely miss the orc wizard.
The orc wizard is severely wounded.
The orc wizard hits you with a dagger.
* * * LOW HITPOINT WARNING * * *
You scratch the orc wizard.
The orc wizard is almost dead.
The orc wizard points at you and mumbles some strange words.
The magic dart hits you!
You die...

#.#.## #.####......#
.#.#.# #.#.....#.###
#.#.## ##...###....#
.###.# #...##
###..... #.#.##
......#.##..........#
.#.#.#
....###.##...........
#.#.##
...................#
.###.#
#######.##.........#
#.#.##
#@##.........##.
.#)#.#
###o##............
#.#.##
#..o.#............
.###.#
#....#..o..?...#
#.#.##
#....#.....>...#
.#.#.#
#......o.....).#
#.#.##
#....###########
.###.# #####....#
#.#.## .).......#


You could see an orc wizard and an orc.

Vanquished Creatures
  An orc wizard (D:3)
  An adder (D:2)
  A dart slug (D:1)
  2 orcs (D:3)
  5 bats
  2 hobgoblins (D:1)
  5 jackals (D:1)
  4 frilled lizards
  3 goblins (D:1)
  5 kobolds
  5 rats
34 creatures vanquished.

Notes
Turn   | Place    | Note
-------+----------+-------------------------------------------
     0 | D:1      | Timinator the Troll Monk began the quest for the Orb.
     0 | D:1      | Reached XP level 1. HP: 22/22 MP: 0/0
   101 | D:1      | Reached XP level 2. HP: 29/29 MP: 1/1
   545 | D:2      | Reached XP level 3. HP: 23/36 MP: 2/2
  1064 | D:3      | Reached skill level 1 in Armour
  1064 | D:3      | Reached XP level 4. HP: 25/45 MP: 3/3
  1069 | D:3      | HP: 2/45 [orc wizard/dagger (5)]
  1070 | D:3      | Killed from afar by an orc wizard

Skill      XL: |  1  2  3 |
---------------+----------+-----
Fighting       | 3 |  3.0
Armour         | 1 |  1.0
Dodging        | |  2.8
Stealth        | |  1.0
Unarmed Combat | |  3.8

Action                   |  1- 3 |  4- 6 || total
-------------------------+-------+-------++-------
Melee: Unarmed           |   107 |     6 ||   113
       Punch             |     1 |       ||     1
 Stab: Sleeping          |     2 |       ||     2
  Eat: Chunk             |     5 |       ||     5
Armor: Robe              |    52 |       ||    52
Dodge: Dodged            |    55 |       ||    55
